 Dungeon Crawl Stone Soup version 0.30.0-19-g36f170ea60 (webtiles) character file.

Game seed: 3469404429360150015

2 RascalDebosk the Magician (level 1, -5/18 HPs)
             Began as a Djinni Warper on May 31, 2023.
             Slain by a gnoll
             ... wielding a +0 war axe
              (14 damage)
             ... on level 1 of the Dungeon.
             The game lasted 00:01:33 (81 turns).

RascalDebosk the Magician (Djinni Warper)             Turns: 81, Time: 00:01:34

Health: -5/18      AC:  3    Str: 10    XL:     1   Next: 33%
Gold:   10         EV: 11    Int: 14    God:
                   SH:  0    Dex: 12

rFire   + + .        a - +0 falchion
rCold   x . .        (no shield)
rNeg    . . .        b - +0 leather armour
rPois   ∞            (no helmet)
rElec   .            (no cloak)
rCorr   .            (no gloves)
SInv    .            (boots unavailable)
Will    .....        (no amulet)
Stlth   +            (no ring)
HPRegen 0.23/turn    (no ring)
MPRegen 0.00/turn

%: infuse magic (-6 HP)
@: flying
A: sickness immunity, fire resistance 2, cold vulnerability 1, float, innate
caster, HP casting, extra vitality 1
a: no special abilities


You were on level 1 of the Dungeon.
You visited 1 branch of the dungeon, and saw 1 of its levels.

You collected 10 gold pieces.

Inventory:

Hand Weapons
 a - a +0 falchion (weapon)
Missiles
 d - 7 boomerangs of dispersal (quivered)
Armour
 b - a +0 leather armour (worn)
Scrolls
 c - a scroll of identify {unknown}
 f - a scroll of fog {unknown}
 g - a scroll of blinking
Potions
 e - a potion of flight {unknown}


   Skills:
 - Level 2.0 Fighting
 - Level 1.7 Long Blades
 - Level 0.7 Throwing
 - Level 1.0 Armour
 - Level 2.1 Dodging
 * Level 2.5 Spellcasting


You knew the following spells:

 Your Spells              Type           Power      Damage    Failure   Level
a - Blink                 Tloc           16%        N/A       17%         2
b - Lesser Beckoning      Tloc           16%        N/A       17%         2
c - Vhi's Electric Charg  Tloc/Air       16%        N/A       32%         3
d - Teleport Other        Tloc           8%         N/A       32%         3
e - Manifold Assault      Tloc           8%         N/A       73%         4
Your spell library was empty.

Dungeon Overview and Level Annotations

Branches:
Dungeon (1/15)

Altars:


Innate Abilities, Weirdness & Mutations

You are immune to sickness and miasma.
You are immune to poison.
Your flesh is very heat resistant. (rF++)
You are vulnerable to cold. (rC-)
You float through the air rather than walking.
You learn spells naturally, not from books.
Your magical power is your life essence.
You have superior vitality. (+4 MHP)


Message History

Lua error: /dgldir/rcfiles/crawl-0.30/RascalDebosk.rc:334: '' expected near 'end' Welcome, RascalDebosk the Djinni Warper.
Are you destined to find the majestic Orb of Zot, or to die trying?
Press ? for a list of commands and other information.
Found a bubbling cyan potion, a scroll labelled COEC TONEUDDESI and a dagger.
Found a staircase leading out of the dungeon.
You begin with the following spells memorised: Blink, Lesser Beckoning, Vhi's Electric Charge, Teleport Other, Manifold Assault.
c - a scroll labelled COEC TONEUDDESI
e - a bubbling cyan potion
f - a scroll labelled DUJEOSOIRU
Found a club.
You now have 10 gold pieces.
A ball python and a hobgoblin come into view.
Found 14 gold pieces.
The ball python hisses angrily.
The hobgoblin shouts!
A bat comes into view.
The bat moves out of view.
The ball python bites you. The ball python barely misses you.
You hit the ball python.
You kill the ball python!
A gnoll comes into view. It is wielding a +0 war axe.
The hobgoblin barely misses you.
You completely miss the hobgoblin. The hobgoblin hits you.
You hit the hobgoblin.
The hobgoblin is severely wounded.
The hobgoblin barely misses you.
You barely miss the hobgoblin.
The hobgoblin is severely wounded.
The hobgoblin hits you.
You barely miss the hobgoblin.
The hobgoblin is severely wounded.
The hobgoblin barely misses you. The hobgoblin hits you.
You hit the hobgoblin.
You kill the hobgoblin!
You barely miss the gnoll. The gnoll hits you with a +0 war axe.
* * * LOW HITPOINT WARNING * * *
You hit the gnoll but do no damage. The gnoll hits you with a +0 war axe!
Ouch! That really hurt!
You die...

........## #..#
<.#..#...# ##.#.#
........## #.#.#
#.#...#..# #.#.#
....#...## #.#.#
..#......# #.#.# .
#......)###. #.#.# ...
.........##...#.#.#..###
........## #..@.......
.#.#.#.#.......##g##.###
########.#..#.. .# ...
#.. #$ ## ##. #. ## ..
.. ...


You could see a gnoll.

Vanquished Creatures
  A hobgoblin (D:1)
  A ball python (D:1)
2 creatures vanquished.

Notes
Turn   | Place    | Note
-------+----------+-------------------------------------------
     0 | D:1      | RascalDebosk the Djinni Warper began the quest for the Orb.
     0 | D:1      | RascalDebosk set off with the following spells memorised:
                  | Blink, Lesser Beckoning, Vhi's Electric Charge, Teleport
                  | Other, Manifold Assault.
     0 | D:1      | Reached XP level 1. HP: 18/18 MP: 0/0
    81 | D:1      | Slain by a gnoll

Illustrated notes

Levels and vault maps discovered:
D:1:      co_arrival_square_in_a_square_in_a_square, layout_basic,
          hellmonk_ecumenical_altar_zigzags, minmay_tall_x

Action                     || total
---------------------------++-------
  Melee: Falchion          ||     8
  Dodge: Dodged            ||     4
